Unix NetHack Version 5.0.0-0 post-release - last build May 31 2026 23:59:36 (970b52f25bf058293b47ddfd14a1e40e571c508c,branch:main).

Game began 2026-06-08 15:31:55, ended 2026-06-08 16:45:16.

AndiBanandi, lawful female human Valkyrie

                         ---                 ----
                     -----.--               --..--.
                   ---......|              |........         --..---
                   |........|          -----........|      *--.....|
                   |....--..|         --..........).--    .........|
                   --.-.|----         |...............|   -........--
                    --..|             |...............|   -.........|        .|
                    --.--         .-------............--.|...--.--.--       -.|
                    |..|         .........^-...... ..........-------        |.|
                   --.--     .......------......-.. -.........-            --<|
                   |..|      -........   -----...--  ..........|          --..|
                   |.--  -----..--...        |.|.%----....----.  ------  --...|
                  .|.-- --......               --%.%.| -..|    ---....----...--
                  -....|...-----                ----.--     ----........|....|
                 --Y[....--                       |...-------....-----.......|
                 |.@(...--                        |...........----   |..--...--
                 |......|                         --.----------       -----...|
                 --.....                           ---                    --.--
                  ---..                                                    ---

AndiBanandi the Fighter     St:18/02 Dx:15 Co:17 In:9 Wi:7 Ch:7  Lawful
Dlvl:7  $:44 HP:0(60) Pw:13(13) AC:4  Xp:7 T:4430  Satiated

Latest messages:
 a - a corroded +1 spear (alternate weapon; not wielded).
 What do you want to wield?
 Y - an elven broadsword (weapon in right hand).
 X - a faded pall.
 You learn more about your items by comparing them.
 d - 3 uncursed food rations (8 in total).
 What do you want to drop?
 You drop a tripe ration.
 What do you want to drop?
 You drop a blindfold.
 What do you want to drop?
 What do you want to read?
 You feel threatened.
 The spellbook crumbles to dust!
 Call a cyan spellbook: threatened spellbook
 You hear a jackal howling at the moon.
 You can move again.
 You see here a dagger.
 There are many objects here.
 You see here an elven spear.
 Z - an elven spear.
 There are many objects here.
 You see here a dagger.
 You see a yeti.
 There are many objects here.
 The yeti hits!
 The yeti hits again!
 The yeti bites!
 You miss the yeti.
 The yeti hits!
 The yeti hits again!
 The yeti bites!
 You hit the yeti.
 You miss the yeti.
 The yeti hits!
 The yeti hits again!
 The yeti bites!
 The yeti hits!
 The yeti hits again!
 The yeti bites!
 You see here a dagger.
 You see a yeti.
 The yeti hits!
 The yeti hits again!
 You die...
 Do you want your possessions identified? [ynq] (y) y
 Do you want to see your attributes? [ynq] (y) y
 Do you want an account of creatures vanquished? [ynaq] (y) n
 Do you want to see your conduct and achievements? [ynq] (y) y
 Do you want to see the dungeon overview? [ynq] (y) n

Inventory:
 Coins    ('$')
  $ - 44 gold pieces
 Weapons  (')')
  b - 9 +0 daggers
  Z - a +0 elven spear
  a - a corroded +1 spear (alternate weapon; not wielded)
  Y - a +0 elven broadsword (weapon in right hand)
  R - a +0 elven short sword
 Armor    ('[')
  D - an uncursed +0 dwarvish iron helm
  C - an uncursed +0 elven leather helm
  F - an uncursed +0 elven leather helm
  y - a blessed +0 pair of high boots (being worn)
  G - an uncursed +0 elven shield
  c - an uncursed +3 small shield (being worn)
  M - an uncursed +0 dwarvish cloak
  X - an uncursed +0 elven cloak
 Comestibles  ('%')
  d - 8 uncursed food rations
  W - an uncursed lizard corpse
 Scrolls  ('?')
  s - an uncursed scroll of confuse monster
  H - a blessed scroll of create monster
  I - an uncursed scroll of enchant weapon
  q - an uncursed scroll of gold detection
  f - an uncursed scroll of identify
  p - an uncursed scroll of light
  i - a cursed scroll of magic mapping
  L - an uncursed scroll of remove curse
  z - an uncursed scroll of teleportation
 Potions  ('!')
  U - an uncursed potion of blindness
  m - an uncursed potion of booze
  B - an uncursed potion of extra healing
  E - an uncursed potion of gain ability
  o - an uncursed potion of gain energy
  e - 2 uncursed potions of healing
  P - an uncursed potion of monster detection
  K - a cursed potion of paralysis
  h - an uncursed potion of see invisible
  t - an uncursed potion of sleeping
  J - an uncursed potion of water
 Rings    ('=')
  j - an uncursed -1 ring of protection
 Wands    ('/')
  A - a wand of digging (0:8)
  r - a wand of fire (0:4)
  w - a wand of slow monster (0:4)
  O - a wand of teleportation (0:5)
 Tools    ('(')
  n - an uncursed blindfold
  S - an uncursed lock pick
  Q - a cursed tallow candle
 Gems/Stones  ('*')
  v - an uncursed fluorite stone
  k - an uncursed topaz stone
  N - an uncursed worthless piece of blue glass
  x - 3 uncursed worthless pieces of green glass
  g - an uncursed worthless piece of red glass
  l - an uncursed worthless piece of violet glass
  T - an uncursed worthless piece of yellowish brown glass

AndiBanandi the Valkyrie's attributes:

Background:
 You were a Fighter, a level 7 human Valkyrie.
 You were lawful, on a mission for Tyr
 who was opposed by Odin (neutral) and Loki (chaotic).
 You were right-handed.
 You were in the Gnomish Mines, on level 7.
 You entered the dungeon 4430 turns ago.
 You had 654 experience points, 626 more were needed to attain level 8.

Basics:
 You had 0 out of 60 hit points.
 You had all 13 energy points (spell power).
 Your armor class was 4.
 Your wallet contained 44 zorkmids.
 Autopickup was on for '$"/!?+' plus thrown.

Final Characteristics:
 Your strength was 18/02 (limit:18/100).
 Your dexterity was 15 (limit:18).
 Your constitution was 17 (limit:18).
 Your intelligence was 9 (limit:18).
 Your wisdom was 7 (limit:18).
 Your charisma was 7 (limit:18).

Final Status:
 You were satiated.
 You were unencumbered.
 You were wielding a broadsword.
 You were unskilled in broadsword.

Final Attributes:
 You were piously aligned.
 You were cold resistant.
 You were sleep resistant.
 You were telepathic.
 You were stealthy.
 You were fast.
 You are dead.

Miscellaneous:
 You didn't encounter any bones levels.
 Total elapsed playing time was 36 minutes and 32 seconds.

Major events:
 Turn
    1: AndiBanandi the lawful human Valkyrie entered the dungeon
 1067: attained the rank of Skirmisher (level 3)
 3361: entered the Gnomish Mines
 3671: attained the rank of Fighter (level 6)
 4430: killed by a yeti

Spells:
 Name                 Level Category     Fail Retention
 haste self             3   escape       100%  76%-100%

Skills:
 Fighting Skills
   bare handed combat [Unskilled]
   two weapon combat  [Unskilled]
   riding             [Unskilled]
 Weapon Skills
   dagger             [Basic]
   axe                [Unskilled]
   pick-axe           [Unskilled]
   short sword        [Unskilled]
   broadsword         [Unskilled]
   long sword         [Unskilled]
   two-handed sword   [Unskilled]
   saber              [Unskilled]
   hammer             [Unskilled]
   quarterstaff       [Unskilled]
   polearms           [Unskilled]
   spear              [Skilled]
   trident            [Unskilled]
   lance              [Unskilled]
   sling              [Unskilled]
 Spellcasting Skills
   attack spells      [Unskilled]
   escape spells      [Unskilled]

Voluntary challenges:
 Character rerolling was not enabled.
 You never had a pet.
 You never genocided any monsters.
 You never polymorphed an object.
 You never changed form.
 You used no wishes.
Achievements:
 You entered a shop.
 You attained the rank of Skirmisher.
 You entered the Gnomish Mines.
 You attained the rank of Fighter.

 The Dungeons of Doom: levels 1 to 7
    Level 1:
       An altar, a grave.
    Level 2:
       A general store, a sink.
    Level 3:
    Level 4:
       An altar to Tyr, a fountain.
       Stairs down to The Gnomish Mines.
    Level 5:
       An altar to Tyr, some fountains.
    Level 6:
    Level 7:
 The Gnomish Mines: levels 5 to 7
    Level 5:
    Level 6:
    Level 7: <- You were here.
       Final resting place for
          you, killed by a yeti.


Vanquished creatures:
  2 wolves
  a gnome ruler
  a lizard
  a jaguar
  3 Woodland-elves
 an imp
  a rock mole
  a pony
  a fog cloud
  2 shriekers
  4 gnome leaders
  a little dog
  2 floating eyes
  a dwarf
  2 kobold leaders
  5 dwarf zombies
 an iguana
 an acid blob
  a large kobold
  a hobgoblin
  a green mold
 25 gnomes
  2 gnome zombies
  2 geckos
  6 jackals
  a fox
  2 kobolds
  a sewer rat
  4 grid bugs
  a bat
  a lichen
  3 kobold zombies
  7 newts
89 creatures vanquished.

No species were genocided or became extinct.

Game over:
                       ----------
                      /          \
                     /    REST    \
                    /      IN      \
                   /     PEACE      \
                  /                  \
                  |   AndiBanandi    |
                  |      44 Au       |
                  | killed by a yeti |
                  |                  |
                  |                  |
                  |                  |
                  |       2026       |
                 *|     *  *  *      | *
        _________)/\\_//(\/(/\)/\//\/|_)_______

Farvel AndiBanandi the Valkyrie...

You died in The Gnomish Mines on dungeon level 7 with 2956 points,
and 44 pieces of gold, after 4430 moves.
You were level 7 with a maximum of 60 hit points when you died.

